 Dungeon Crawl Stone Soup version 0.29.1-15-g9cfb28693d (webtiles) character file.

Game seed: 14546700305876055460

19 croobank the Trooper (level 2, 0/26 HPs)
             Began as a Ghoul Monk on Feb 24, 2023.
             Constricted to death by a ball python (1 damage)
             ... on level 1 of the Dungeon.
             The game lasted 00:00:47 (488 turns).

croobank the Trooper (Ghoul Monk)                    Turns: 488, Time: 00:00:47

Health: 0/26       AC:  2    Str: 14    XL:     2   Next: 75%
Magic:  1/1        EV:  9    Int:  5    God:
Gold:   13         SH:  0    Dex: 11    Spells: 1/1 levels left

rFire   . . .      SeeInvis .     - Unarmed
rCold   + . .      Faith    .   (no shield)
rNeg    + + +      Spirit   .   a - +0 robe
rPois   ∞          Reflect  .   (no helmet)
rElec   .          Harm     .   (no cloak)
rCorr   .          Rampage  .   (no gloves)
Will    .....                   (no boots)
Stlth   ++........              (no amulet)
HPRegen 0.00/turn               (no ring)
MPRegen 0.07/turn               (no ring)

@: inhibited regen, constricted
A: claws 1, cold resistance 1, negative energy resistance 3, inhibited
regeneration, torment resistance 2, devour on kill
a: no special abilities


You were on level 1 of the Dungeon.
You visited 1 branch of the dungeon, and saw 1 of its levels.

You collected 13 gold pieces.

Inventory:

Armour
 a - a +0 robe (worn)
 i - a +0 helmet
Scrolls
 c - a scroll of torment {unknown}
 f - a scroll of teleportation {unknown}
 h - a scroll of identify {unknown}
Potions
 b - a potion of ambrosia
 d - a potion of haste {unknown}
 e - 2 potions of curing {unknown}
 g - a potion of attraction {unknown}


   Skills:
 + Level 3.5 Fighting
 + Level 2.9 Dodging
 + Level 2.7 Stealth
 + Level 3.5 Unarmed Combat


You had one spell level left.
You didn't know any spells.
Your spell library was empty.

Dungeon Overview and Level Annotations

Branches:
Dungeon (1/15)

Altars:


Innate Abilities, Weirdness & Mutations

You are immune to poison.
You have sharp fingernails.
Your flesh is cold resistant. (rC+)
You are immune to negative energy. (rN+++)
You do not regenerate when monsters are visible.
You are immune to unholy pain and torment.
You thrive by killing the living.


Message History

A jackal comes into view.
A ball python comes into view.
You see here a +0 helmet.
i - a +0 helmet The ball python hisses angrily.
You closely miss the jackal. The jackal bites you.
The jackal barks!
You scratch the jackal.
You kill the jackal!
You scratch the ball python.
The ball python is moderately wounded.
The ball python bites you. The ball python barely misses you.
The ball python misses you. The ball python grabs you.
The ball python constricts you.
You barely miss the ball python. The ball python closely misses you.
The ball python constricts you.
You closely miss the ball python. The jackal closely misses you.
The ball python bites you.
* * * LOW HITPOINT WARNING * * *
The ball python constricts you.
* * * LOW HITPOINT WARNING * * *
The jackal barely misses you.
You scratch the jackal but do no damage.
The jackal barely misses you. The ball python closely misses you.
The ball python constricts you.
You closely miss the jackal. The jackal bites you.
* * * LOW HITPOINT WARNING * * *
The ball python closely misses you. The ball python constricts you.
You scratch the jackal.
The jackal is almost dead.
The jackal bites you.
* * * LOW HITPOINT WARNING * * *
The ball python bites you.
* * * LOW HITPOINT WARNING * * *
The ball python constricts you. The jackal barely misses you.
You closely miss the jackal.
The jackal is almost dead.
The ball python bites you but does no damage.
The ball python constricts you.
You die...

##.##### ..........#
##...##†.
≈≈≈.......#####..#..#.#
#≈≈............###....
#≈.......###...#..###
#≈.....# #.#...###
#≈....######.#.......
##≈.hS..#....(..######
##≈≈..@..)####.###
≈≈≈≈≈≈.......# #†#
......$......# ##.##
........##..## #...#
........#..## #...#
..........## #...#
..#....... ##.##
.###...... #.# .##..
#.#


You could see a jackal and a ball python.

Vanquished Creatures
  A dart slug (D:1)
  2 endoplasms (D:1)
  2 goblins (D:1)
  2 hobgoblins (D:1)
  A jackal (D:1)
  2 quokkas (D:1)
  2 bats (D:1)
  2 frilled lizards (D:1)
  2 rats (D:1)
16 creatures vanquished.

Notes
Turn   | Place    | Note
-------+----------+-------------------------------------------
     0 | D:1      | croobank the Ghoul Monk began the quest for the Orb.
     0 | D:1      | Reached XP level 1. HP: 19/19 MP: 0/0
   434 | D:1      | Reached XP level 2. HP: 22/26 MP: 1/1
   487 | D:1      | HP: 1/26 [ball python (2)]
   488 | D:1      | Constricted to death by a ball python

Illustrated notes

Levels and vault maps discovered:
D:1:      minmay_arrival_four_loops, layout_loops_ring, chequers_avenue,
          kennysheep_decorative_pillar

Action                   || total
-------------------------++-------
Melee: Unarmed           ||    48
 Stab: Sleeping          ||     1
Armor: Robe              ||     7
Dodge: Dodged            ||    30
